 Dungeon Crawl Stone Soup version 0.31-a0-1447-g87ca8d402b (webtiles) character file.

Game seed: 14486003797154838352

2086 mopl the Grappler (level 9, -6/97 HPs)
             Began as a Djinni Shapeshifter on Dec 27, 2023.
             Was a High Priest of Uskayaw.
             Mangled by a gnoll sergeant
             ... wielding a +0 trident
              (10 damage)
             ... on level 7 of the Dungeon.
             The game lasted 00:08:08 (6086 turns).

mopl the Grappler (Djinni Shapeshifter)             Turns: 6086, Time: 00:08:09

Health: -6/97      AC:  6    Str: 17    XL:     9   Next: 51%
Gold:   79         EV: 10    Int: 13    God:    Uskayaw [*****.] SH:  0 Dex: 12

rFire   + +          .
                       - Unarmed
rCold   x . .        (no shield)
rNeg    . . .        e - +0 scale mail
rPois   ∞            (helmet currently unavailable)
rElec   .            (cloak currently unavailable)
rCorr   .            (gloves currently unavailable)
SInv    .            (boots unavailable)
Will    .....        f - amulet of faith {!P} Stlth
                     (no ring)
HPRegen 0.36/turn    (no ring)
MPRegen 0.00/turn

%: faith, infuse magic (-7 HP)
@: berserking, beast-form, flying, very quick
A: beast (slay +3), flying, sickness immunity, fire resistance 2, cold
vulnerability 1, float, innate caster, HP casting, extra vitality 1
a: Begin Untransformation, Renounce Religion, Stomp, Line Pass, Grand Finale


You were on level 7 of the Dungeon.
You worshipped Uskayaw.
Uskayaw was noncommittal.
You were a hulking beast.
You visited 2 branches of the dungeon, and saw 8 of its levels.

You collected 254 gold pieces.
You spent 175 gold pieces at shops.

Inventory:

Missiles
 B - 4 javelins
 E - 4 poisoned darts
Armour
 e - a +0 scale mail (worn)
 m - a +2 robe
 w - a +0 pair of gloves
Jewellery
 f - an amulet of faith (around neck) {!P}
Talismans
 c - a beast talisman (active)
 d - a flux talisman
 r - a blade talisman
 D - a serpent talisman
Wands
 F - a wand of paralysis (10)
 G - a wand of flame (13)
Scrolls
 g - 5 scrolls of identify
 j - 3 scrolls of vulnerability {unknown}
 k - 2 scrolls of noise {unknown}
 p - 2 scrolls of fog {unknown}
 s - a scroll of enchant weapon {unknown}
 u - a scroll of enchant armour {unknown}
 v - a scroll of brand weapon {unknown}
 y - 3 scrolls of teleportation
 A - 4 scrolls of fear {unknown}
Potions
 a - a potion of attraction {unknown}
 b - 2 potions of magic {unknown}
 h - a potion of mutation {unknown}
 i - 2 potions of degeneration {unknown}
 l - 4 potions of heal wounds {unknown}
 o - 3 potions of curing
 q - a potion of invisibility {unknown}
 t - 2 potions of brilliance
 x - 2 potions of enlightenment {unknown}
 z - a potion of ambrosia {unknown}
 C - 2 potions of haste {unknown}
 H - a potion of lignification {!q}


   Skills:
 + Level 5.2 Fighting
 - Level 2.1 Dodging
 * Level 8.0 Unarmed Combat
 + Level 1.7 Invocations
 * Level 6.8 Shapeshifting


You knew the following spells:

 Your Spells              Type           Power      Damage    Failure   Level
a - Sandblast             Erth           0%         2d4       75%         1
b - Call Imp              Summ           0%         N/A       86%         2
c - Teleport Other        Tloc           0%         N/A       98%         3
d - Gell's Gravitas       Tloc           0%         N/A       98%         3
Your spell library was empty.

Dungeon Overview and Level Annotations

Branches:
Dungeon (7/15)             Temple (1/1) D:6

Altars:
Ashenzari
Cheibriados
Dithmenos
Elyvilon
Gozag
Hepliaklqana
Makhleb
Nemelex Xobeh
Okawaru
Qazlal
Ru
Trog
Uskayaw
Wu Jian
Xom
Zin
The Shining One

Shops:
D:1 *   D:2 !!(*

Annotations:
D:7 3 runed translucent doors, Gantz's ghost, novice MiBe; Tenar's ghost, novice DsCA


Innate Abilities, Weirdness & Mutations

You are a hulking beast.
Your limbs bulge with bestial killing power. (Slay +3)
You are flying.
You are immune to sickness and miasma.
You are immune to poison.
Your flesh is very heat resistant. (rF++)
You are vulnerable to cold. (rC-)
You float through the air rather than walking.
You learn spells naturally, not from books.
Your magical power is your life essence.
You have superior vitality. (+4 MHP)


Message History

The phantom hits you but does no damage.
The gnoll sergeant barely misses you. The water moccasin closely misses you.
You hit the phantom. You punch the phantom.
The phantom is moderately damaged.
The water moccasin bites you but does no damage.
The phantom hits you.
The gnoll sergeant hits you from afar with a +0 trident.
You hit the phantom.
The phantom is heavily damaged.
The water moccasin bites you! The gnoll sergeant barely misses you.
The phantom hits you but does no damage.
You can now merge with and destroy a victim.
You are too injured to fight recklessly!
You are too injured to fight recklessly!
You hit the phantom.
The phantom is severely damaged.
The water moccasin bites you. The phantom barely misses you.
The gnoll sergeant hits you from afar with a +0 trident.
You hit the phantom.
The phantom is almost destroyed.
The water moccasin bites you. The phantom closely misses you.
The gnoll sergeant hits you from afar with a +0 trident!
* * * LOW HITPOINT WARNING * * *
The water moccasin completely misses you.
Unknown command.
You barely miss the phantom.
The phantom is almost destroyed.
The water moccasin completely misses you.
The phantom hits you but does no damage.
The gnoll sergeant hits you but does no damage.
You feel better. The water moccasin closely misses you.
The phantom hits you but does no damage.
The gnoll sergeant hits you from afar with a +0 trident!
* * * LOW HITPOINT WARNING * * *
A red film seems to cover your vision as you go berserk!
You feel yourself moving faster!
You feel mighty! The water moccasin misses you. The water moccasin bites you.
* * * LOW HITPOINT WARNING * * *
The gnoll sergeant hits you from afar with a +0 trident!
You die...

##....... +##
##........ .. ..#
#......... ...
#.###.........
..# #.#..........
##.# #.......[...
#..# #.?.........
+..+ #WS#........
#..# #h.##.......
###..#. ##.##
#B....# .....##.
##g## .S.###
......##.#####S##
..##
#####..##..#..##
#..
........###'###
#.
..............#
..............#
..............+


You could see 2 water moccasins, a phantom and a gnoll sergeant.

Vanquished Creatures
  Grinder (D:4)
  Sigmund (D:2)
  Eustachio (D:5)
  3 ice beasts
  2 sky beasts
  2 black bears (D:5)
  An ogre (D:4)
  A centaur (D:6)
  A phantom (D:5)
  A bullfrog (D:6)
  3 scorpions
  2 howler monkeys
  3 bombardier beetles
  A jelly (D:6)
  2 iguanas
  2 sleepcaps
  Natasha (twice) (D:4)
  An orc wizard (D:3)
  6 adders
  2 ufetubi (D:6)
  A worm (D:2)
  2 dart slugs
  7 orcs
  5 endoplasms
  3 giant cockroaches
  5 goblins
  3 hobgoblins
  5 quokkas
  6 ball pythons
  3 bats
  2 frilled lizards (D:1)
  4 kobolds
  5 rats
89 creatures vanquished.

Notes
Turn   | Place    | Note
-------+----------+-------------------------------------------
     0 | D:1      | mopl the Djinni Shapeshifter began the quest for the Orb.
     0 | D:1      | Reached XP level 1. HP: 17/17 MP: 0/0
   173 | D:1      | Reached XP level 2. HP: 21/22 MP: 0/0
   188 | D:1      | Found Fam Xeo's General Store.
   741 | D:2      | Reached skill level 3 in Shapeshifting
   741 | D:2      | Reached XP level 3. HP: 25/27 MP: 0/0
   741 | D:2      | Learned a level 1 spell: Sandblast
   994 | D:2      | Found Votyz's General Store.
  1002 | D:2      | Noticed Sigmund
  1023 | D:2      | Killed Sigmund
  1024 | D:2      | Reached skill level 2 in Fighting
  1024 | D:2      | Reached skill level 4 in Unarmed Combat
  1024 | D:2      | Reached skill level 4 in Shapeshifting
  1024 | D:2      | Reached XP level 4. HP: 11/34 MP: 0/0
  1024 | D:2      | Reached XP level 5. HP: 13/39 MP: 0/0
  1024 | D:2      | Learned a level 2 spell: Call Imp
  1024 | D:2      | Reached XP level 6. HP: 15/45 MP: 0/0
  1136 | D:2      | Bought a potion of berserk rage for 50 gold pieces
  1201 | D:1      | Bought a potion of curing for 33 gold pieces
  1201 | D:1      | Bought a scroll of identify for 22 gold pieces
  1281 | D:2      | Found a faded altar of an unknown god.
  1290 | D:2      | Found Efratheu's Antique Weapon Shoppe.
  1428 | D:2      | Found Pyejuffok's Distillery.
  1522 | D:2      | Found Puotaete's Distillery.
  2657 | D:4      | Noticed Natasha
  2657 | D:4      | Noticed Grinder
  2699 | D:4      | Killed Natasha
  2700 | D:4      | Reached skill level 5 in Unarmed Combat
  2736 | D:4      | Paralysed by Grinder for 5 turns
  2745 | D:4      | Killed Grinder
  2746 | D:4      | Reached skill level 3 in Fighting
  2746 | D:4      | Reached XP level 7. HP: 12/50 MP: 0/0
  2746 | D:4      | Learned a level 3 spell: Teleport Other
  2898 | D:4      | Noticed Natasha
  2905 | D:4      | Killed Natasha
  2985 | D:4      | Noticed Eustachio
  3017 | D:5      | Entered Level 5 of the Dungeon
  3399 | D:5      | HP: 2/75 [Eustachio/+4 rapier of protection (2)]
  3400 | D:5      | Killed Eustachio
  3401 | D:5      | Reached skill level 5 in Shapeshifting
  3699 | D:4      | Reached skill level 6 in Unarmed Combat
  3699 | D:4      | Reached XP level 8. HP: 50/57 MP: 0/0
  3948 | D:5      | Reached skill level 4 in Fighting
  4400 | D:5      | Reached skill level 7 in Unarmed Combat
  4400 | D:5      | Reached skill level 6 in Shapeshifting
  4528 | D:5      | Reached XP level 9. HP: 39/63 MP: 0/0
  4528 | D:5      | Learned a level 3 spell: Gell's Gravitas
  4695 | D:5      | Found a shimmering altar of Xom.
  4697 | D:5      | Found an opulent altar of Gozag.
  4697 | D:5      | Found a shadowy altar of Dithmenos.
  4699 | D:5      | Found a sacrificial altar of Ru.
  4699 | D:5      | Found a glowing golden altar of the Shining One.
  4930 | D:2      | Bought a scroll of teleportation for 30 gold pieces
  4930 | D:2      | Bought a potion of brilliance for 40 gold pieces
  4992 | D:6      | Found a staircase to the Ecumenical Temple.
  5026 | Temple   | Entered the Ecumenical Temple
  5031 | Temple   | Became a worshipper of Uskayaw the Reveller
  5180 | D:6      | Reached * piety under Uskayaw
  5185 | D:6      | Reached ** piety under Uskayaw
  5347 | D:6      | Reached skill level 5 in Fighting
  5347 | D:6      | Reached skill level 1 in Invocations
  5925 | D:7      | Found a runed translucent gate.
  5925 | D:7      | Found a runed translucent gate.
  5925 | D:7      | Found a runed translucent gate.
  5939 | D:7      | Noticed Tenar's ghost (novice DsCA)
  5939 | D:7      | Noticed Gantz's ghost (novice MiBe)
  5955 | D:7      | Found a broken altar of Ashenzari.
  6063 | D:7      | Reached skill level 8 in Unarmed Combat
  6067 | D:7      | Reached *** piety under Uskayaw
  6073 | D:7      | Reached **** piety under Uskayaw
  6081 | D:7      | Reached ***** piety under Uskayaw
  6086 | D:7      | HP: 4/97 [water moccasin (6)]
  6086 | D:7      | Mangled by a gnoll sergeant

Illustrated notes

Levels and vault maps discovered:
D:1:      lightli_arrival_maybe_door_vault, layout_loops_ring, serial_shops,
          nicolae_shop_waterfront
D:2:      layout_basic, shapermc_ecumenical_altar_pompeii, serial_shops,
          shop_coins, shop, nicolae_shop_real_fake_doors,
          nicolae_shop_gibbet_a_chance, grunt_decor_resistance, minivault_27,
          roderic_roman_lattice, kennysheep_cross_bottleneck, uniq_sigmund
D:3:      layout_basic
D:4:      layout_rooms, uniq_eustachio, uniq_natasha, uniq_grinder
D:5:      layout_basic, doesnt_xom_only_xom
D:6:      layout_loops_ring, minmay_temple_entry_ruins,
          corexii_item_surrounded_by_moat
D:7:      minmay_the_grid_octo_triangle [minmay_the_grid_octo_empty,
          minmay_the_grid_octo_prize_big_c, minmay_the_grid_octo_focus],
          layout_gridville, ashenzari_altar_1, gammafunk_ghost_cemetery
Temple:   regret_index_temple_chain_breaker

Skill      XL: |  1  2  3  4  5  6  7  8  9 |
---------------+----------------------------+-----
Shapeshifting  | 3 4 5 6 |  6.8
Fighting       | 2 3 4 5 |  5.2
Unarmed Combat | 4 5 6 7 8 |  8.0
Invocations    | 1 |  1.7
Dodging        | |  2.1

Action                     |  1- 3 |  4- 6 |  7- 9 || total
---------------------------+-------+-------+-------++-------
  Melee: Unarmed           |    91 |    94 |   214 ||   399
         Punch             |     2 |       |    10 ||    12
    Use: Potion            |       |       |     4 ||     4
   Stab: Paralysed         |       |       |     2 ||     2
 Armour: Scale mail        |    49 |    60 |   167 ||   276
         Animal skin       |     1 |       |       ||     1
         Skin              |       |     5 |    20 ||    25
  Dodge: Dodged            |    28 |    30 |   112 ||   170
   Form: Flux              |       |     1 |     1 ||     2
         Beast             |       |       |     2 ||     2

Table legend: (Time is in decaauts)
 A = Elapsed time spent in this place.
 B = Non-inter-level travel time spent in this place.
 C = Inter-level travel time spent in this place.
 D = Time resting spent in this place.
 E = Time spent auto-exploring this place.
 F = Levels seen in this place.
 G = Mean time per level.
                   A        B        C        D        E       F      G
               +--------+--------+--------+--------+--------+-----+--------+
         Total |   6056 |   5675 |    381 |   1181 |   3443 |   8 |  757.0 |
       Dungeon |   5938 |   5557 |    381 |   1075 |   3443 |   7 |  848.3 |
        Temple |    117 |    117 |      0 |    106 |      0 |   1 |  117.0 |
               +--------+--------+--------+--------+--------+-----+--------+

Top non-repeatable levels by time:
     D:5: 1348 daAuts
     D:2: 1012 daAuts
     D:3: 944 daAuts
     D:4: 941 daAuts
     D:6: 738 daAuts
     D:1: 718 daAuts
     D:7: 233 daAuts
  Temple: 117 daAuts
